 Dungeon Crawl Stone Soup version 0.18-a0-1120-g03bd624 (webtiles) character file.

77 wvc the Stinger (level 4, -1/38 HPs)
             Began as a Naga Transmuter on Jan 17, 2016.
             Slain by a quokka (3 damage)
             ... on level 2 of the Dungeon.
             The game lasted 00:04:16 (2142 turns).

wvc the Stinger (Naga Transmuter)                   Turns: 2142, Time: 00:04:19

Health: -1/38      AC:  2    Str: 13    XL:     4   Next: 33%
Magic:  6/8        EV: 10    Int: 16    God:
Gold:   76         SH:  0    Dex: 11    Spells: 2 memorised, 3 levels left

rFire  . . .     SeeInvis +       - Unarmed
rCold  . . .     Gourm    .     b - +0 robe
rNeg   . . .     Faith    .     (no shield)
rPois  +         Spirit   .     (no helmet)
rElec  .         Dismiss  .     (no cloak)
rCorr  .         Reflect  .     (no gloves)
SustAt .         Harm     .     (no barding)
MR     .....                    (no amulet)
Stlth  +.........               (no ring)
                                (no ring)

@: lethally poisoned (-1 -> -5), appendage, very slow, not resistant to hostile
enchantments, very unstealthy
A: horns 2, see invisible, clever 1, deformed body, high mp 1, poison
resistance, slowness 2, slow metabolism 1, spit poison 2, MP-powered wands, AC
+1
a: Spit Poison, End Transformation


You were on level 2 of the Dungeon.
You were not hungry.
You had grown temporary horns.
You visited 1 branch of the dungeon, and saw 2 of its levels.

You collected 76 gold pieces.

Inventory:

Missiles
 a - 39 arrows
Armour
 b - a +0 robe (worn)
 f - a +0 buckler
Scrolls
 e - a scroll of magic mapping {unknown}
 g - a scroll of remove curse {unknown}
 i - a scroll of teleportation {unknown}
 m - 2 scrolls of identify {unknown}
Potions
 k - a potion of might {unknown}
Books
 c - a book of Changes

   Spells                             Type                      Level
   a - Beastly Appendage              Transmutation                1
   b - Sticks to Snakes               Transmutation                2
   c - Spider Form                    Transmutation/Poison         3
   d - Ice Form                       Ice/Transmutation            4
   e - Blade Hands                    Transmutation                5
Comestibles
 d - a bread ration
 h - 2 meat rations


   Skills:
 - Level 1.0 Fighting
 - Level 1.5 Dodging
 - Level 3.0 Unarmed Combat
 - Level 2.4 Spellcasting
 - Level 3.0 Transmutations
 + Level 3.4 Poison Magic


You had 3 spell levels left.
You knew the following spells:

 Your Spells              Type           Power        Failure   Level  Hunger
a - Beastly Appendage     Trmt           ##....       8%          1    #......
b - Spider Form           Trmt/Pois      ##........   17%         3    ###....


Dungeon Overview and Level Annotations

Branches:
Dungeon (2/15)

Altars:


Innate Abilities, Weirdness & Mutations

You cannot wear boots.
Your serpentine skin is tough (AC +1).
You have supernaturally acute eyesight.
Armour fits poorly on your strangely shaped body.
Your system is resistant to poisons.
You cover ground very slowly.
You have a slow metabolism.
You can spit poison.
You have a pair of horns on your head.
Your mind is acute. (Int +2)
You have an increased reservoir of magic (+10% MP).
You expend magic power (3 MP) to strengthen your wands.


Message History

The adder poisons you!
Casting: Beastly Appendage
Confirm with . or Enter, or press ? or * to list all spells.
You grow a pair of large bovine horns.
You feel sick. The quokka bites you. The adder bites you.
* * * LOW HITPOINT WARNING * * *
Drink which item? (? for menu, Esc to quit)
It was a potion of mutation.
You feel extremely strange.
You feel clever. The quokka bites you.
* * * LOW HITPOINT WARNING * * *
The adder closely misses you.
Drink which item? (? for menu, Esc to quit)
You feel extremely strange.
You feel your magical essence link to your wands.
You feel more energetic.
You feel sick. The quokka closely misses you. The adder bites you.
* * * LOW HITPOINT WARNING * * *
The quokka bites you.
You die...

# #### . #..## #
#.#####...#
..#.#.(.....#
............#
............#
......r.....###
......S@..<...#
...........)......
..................
#####.##...........
###S.................
#...###.##...........
####.### #
#...........
####....#
#...........
..##.####


You could see an adder and a quokka.

Vanquished Creatures
  3 adders (D:2)
  A worm (D:2)
  2 giant geckos (D:1)
  2 giant cockroaches (D:1)
  9 goblins
  5 hobgoblins
  2 ball pythons
  4 bats
  2 giant newts
  7 kobolds
  8 rats
45 creatures vanquished.

Notes
Turn   | Place    | Note
--------------------------------------------------------------
     0 | D:1      | wvc the Naga Transmuter began the quest for the Orb.
     0 | D:1      | Reached XP level 1. HP: 18/18 MP: 3/3
   269 | D:1      | Reached XP level 2. HP: 22/25 MP: 3/5
   705 | D:1      | Reached XP level 3. HP: 29/31 MP: 6/6
   710 | D:1      | Learned a level 3 spell: Spider Form
   942 | D:2      | Reached skill level 1 in Poison Magic
  1947 | D:2      | Reached XP level 4. HP: 20/38 MP: 5/7
  2141 | D:2      | Gained mutation: Your mind is acute. (Int +2) [potion of mutation]
  2142 | D:2      | Gained mutation: You expend magic power (3 MP) to strengthen your wands. [potion of mutation]
  2142 | D:2      | Gained mutation: You have an increased reservoir of magic (+10% MP). [potion of mutation]
  2142 | D:2      | Slain by a quokka

Vault maps used:
D:1:      onia_arrival_mini_spirals, serial_forest,
          infiniplex_forest_clump_medium, infiniplex_forest_lined_4_way,
          infiniplex_forest_diagonal, infiniplex_forest_clump_small,
          infiniplex_forest_lined_2, infiniplex_forest_clump_tiny
D:2:      interstate_on_off

Action                   |  1- 3 |  4- 6 || total
-------------------------+-------+-------++-------
Melee: Unarmed           |   143 |    18 ||   161
 Cast: Beastly Appendage |    19 |     2 ||    21
       Spider Form       |     2 |       ||     2
 Abil: Spit Poison       |     5 |       ||     5
  Use: Potion            |       |     2 ||     2
 Stab: Sleeping          |     1 |       ||     1
  Eat: Chunk             |     3 |       ||     3
       Beef jerky        |       |     1 ||     1
